AoeStats
← 等我升精锐

Arena

509380335Analyzed
4v4 RM · 6d ago on Sep 26, 2026· 31m 57s· 8 players
Game mode
Random Map
Map size
Large (8 player)
Population
200
Speed
Normal
Resources
Standard
Victory
Conquest
Starting age
Dark Age
Ending age
Imperial Age
RankedLock teamsTeams togetherTeam positionsShared explorationLock speedFull tech treeHidden civsTurbo modeCheats
Victory
Defeat
🇨🇳 Huns · China
1384
+12
🇭🇺 Ethiopians · Hungary
1374
+13
🇨🇳 Danes · China
1297
+16
🇨🇳 Byzantines · China
1280
+17
🇨🇳 Mongols · China
1381
-18
🇨🇳 Spanish · China
1296
-14
🇨🇳 Poles · China
1286
-14
🇨🇳 Franks · China
1228
-12
你好骚啊
10:32 Feudal Age
14:26 Castle Age
12:22 Double-Bit Axe
12:51 Horse Collar
13:57 Stone Mining
16:35 Bow Saw
21:58 Fletching
Jkun
11:17 Feudal Age
15:06 Castle Age
13:01 Double-Bit Axe
13:13 Horse Collar
20:46 Bow Saw
21:27 Wheelbarrow
21:17 Loom
21:44 Heavy Plow
23:36 Hand Cart
29:06 Imperial Age
27:04 Scale Barding Armor
27:10 Forging
27:08 Gold Mining
27:50 Szlachta Privileges
28:48 Chain Barding Armor
28:34 Husbandry
28:47 Bloodlines
29:13 Cavalier
别那么骚
4:08 Loom
11:41 Feudal Age
16:25 Castle Age
14:18 Double-Bit Axe
等我升精锐
11:52 Feudal Age
15:29 Castle Age
13:28 Double-Bit Axe
13:29 Horse Collar
17:03 Bow Saw
17:00 Padded Archer Armor
23:46 Wheelbarrow
25:45 Hand Cart
26:46 Leather Archer Armor
31:32 Imperial Age
28:48 Loom
28:50 Town Watch
29:42 Ballistics
huninter
10:58 Feudal Age
12:16 Double-Bit Axe
14:40 Castle Age
12:52 Horse Collar
15:37 Bow Saw
16:02 Heavy Plow
24:39 Ballistics
24:55 Coinage
24:35 Loom
25:59 Wheelbarrow
25:09 Town Watch
27:28 Hand Cart
30:52 Imperial Age
29:36 Gold Mining
31:51 Onager
32:35 Torsion Engines
只想搞事
10:43 Feudal Age
11:36 Double-Bit Axe
14:29 Castle Age
17:38 Scale Mail Armor
18:44 Horse Collar
22:06 Forging
25:46 Wheelbarrow
28:30 Chain Mail Armor
还是从前那个少年
11:09 Feudal Age
10:52 Loom
12:09 Double-Bit Axe
14:49 Castle Age
12:50 Horse Collar
15:46 Bow Saw
20:08 Bloodlines
21:49 Forging
22:40 Scale Barding Armor
24:19 Chain Barding Armor
26:50 Wheelbarrow
27:05 Gold Mining
28:33 Husbandry
28:56 Town Watch
30:02 Iron Casting
你好
10:18 Feudal Age
14:04 Castle Age
11:54 Double-Bit Axe
12:21 Horse Collar
15:18 Bow Saw
22:28 Wheelbarrow
27:20 Imperial Age
25:35 Hand Cart
25:08 Loom
25:27 Heavy Plow
25:43 Squires
25:30 Arson
25:46 Scale Mail Armor
25:40 Gold Mining
27:20 Chain Mail Armor
27:31 Forging
27:24 Elite Varangian Guard
27:27 Capped Ram
29:03 Gold Shaft Mining
30:11 Plate Mail Armor
31:27 Iron Casting
31:17 Conscription
32:21 Logistica
Connection lost

Rejoining the realm…

Still unreachable

The connection could not be restored.

Session expired

The server has moved on; the page needs a fresh start.